 Dungeon Crawl Stone Soup version 0.31-a0-233-g139696dc86 (webtiles) character file.

Game seed: 1051282860514624749

220 qw the Shooter (level 5, -5/28 HPs)
             Began as a Gargoyle Hexslinger on July 9, 2023.
             Killed from afar by an orc wizard (7 damage)
             ... with a magic dart
             ... on level 2 of the Dungeon.
             The game lasted 00:00:47 (1818 turns).

qw the Shooter (Gargoyle Hexslinger)                Turns: 1818, Time: 00:00:47

Health: -5/28      AC:  9    Str: 11    XL:     5   Next: 97%
Magic:  6/6        EV: 10    Int: 14    God:
Gold:   146        SH:  0    Dex: 14    Spells: 5/6 levels left

rFire   . . .        Y - +3 sling
rCold   . . .        (no shield)
rNeg    + . .        i - +0 ring mail
rPois   inf          (helmet restricted)
rElec   +            (no cloak)
rCorr   .            (no gloves)
SInv    .            (no boots)
Will    .....        (no amulet) Stlth
                     (no ring)
HPRegen 0.24/turn    (no ring)
MPRegen 0.10/turn

%: no passive effects
@: confused, unable to drink
A: sickness immunity, AC +4, negative energy resistance 1, electricity
resistance, torment resistance 1, petrification resistance, hooves 1, horns 1,
frail 1, inability to drink after injury 1, MP-powered wands
a: no special abilities


You were on level 2 of the Dungeon.
You visited 1 branch of the dungeon, and saw 3 of its levels.

You collected 146 gold pieces.


Innate Abilities, Weirdness & Mutations

You are immune to sickness and miasma.
Your stone body is resilient. (AC +4)
You are immune to poison.
You resist negative energy. (rN+)
You are resistant to electric shocks. (rElec)
You are resistant to unholy torment.
You are immune to petrification.
You have large cloven feet.
You have a pair of small horns on your head.
You are frail. (-10% HP)
You occasionally lose the ability to drink potions when taking damage.
You expend magic power (3 MP) to strengthen your wands.


   Skills:
 - Level 3.0 Fighting
 + Level 5.2 Ranged Weapons
 - Level 1.1 Armour
 - Level 1.5 Dodging
 - Level 1.0 Spellcasting
 - Level 2.6 Hexes


You had 5 spell levels left.
You knew the following spells:

 Your Spells              Type           Power      Damage    Failure   Level
a - Slow                  Hex            32%        N/A       21%         1

Your spell library contained the following spells:

 Spells                   Type           Power      Damage    Failure   Level
 Inner Flame              Hex/Fire       4%         N/A       71%         3
 Portal Projectile        Hex/Tloc       8%         N/A       71%         3
 Cause Fear               Hex            4%         N/A       90%         4

Inventory:

Hand Weapons
 Y - a +3 sling (weapon)
Armour
 i - a +0 ring mail (worn)
Jewellery
 c - a ring of ice
Scrolls
 a - a scroll of identify
 d - a scroll of amnesia {unknown}
Potions
 b - a potion of cancellation {unknown}
 f - a potion of enlightenment {unknown}
 g - a potion of berserk rage {unknown}
 k - a potion of might {unknown}

Dungeon Overview and Level Annotations

Branches:
Dungeon (3/15)

Altars:


Message History

You shoot a sling bullet. Something hits you.
You shoot a sling bullet. Something hits you but does no damage.
You shoot a sling bullet. Something hits you.
You shoot a sling bullet.
Something hits you but does no damage. x2
You shoot a sling bullet.
You hear some strange, mumbled words.
A magic dart appears from out of thin air!
The magic dart hits you!
You shoot a sling bullet.
An orc wizard appears from thin air!
Reactivating autopickup.
The orc wizard hits you with a +0 dagger.
You shoot a sling bullet. The sling bullet hits the orc wizard.
The orc wizard is moderately wounded.
The orc wizard hits you with a +0 dagger.
The orc wizard barely misses you.
You shoot a sling bullet. The sling bullet hits the orc wizard!
The orc wizard is almost dead.
The orc wizard points at you and mumbles some strange words.
You are confused.
The orc wizard gestures at you while chanting.
You are more confused.
The orc wizard misses you.
The orc wizard gestures at you while chanting.
You resist with some effort. The orc wizard misses you.
The orc wizard closely misses you.
The orc wizard hits you but does no damage.
The orc wizard hits you with a +0 dagger.
The orc wizard gestures at you while chanting.
The puff of flame hits you!
The orc wizard hits you but does no damage.
The orc wizard points at you and mumbles some strange words.
The magic dart hits you!
You feel threatened and lose the ability to drink potions!
You die...

.........#####.#####...###......#
##.......# #........## ########
##.......#####..##..###
##.......#......#...#
##.#######[####.#.#.# ##.# #.#
#...#.# ##.# #.# #...#.######
##.# #.# #...#......# ##.# #.#
#o@.######.# ##.# #.####......#
#.# ##.#######.#.....###.# #.#
##.........##.#...##.# #.#
#############.###.##.###.# #
#..............##.....# #
#.########.############ #.#
#......# #.# ###########.#


You could see an orc wizard.

Vanquished Creatures
  A scorpion (D:2)
  An orc priest (D:2)
  Terence (D:2)
  An orc wizard (D:3)
  2 adders (D:2)
  3 dart slugs (D:1)
  6 orcs
  4 bats
  2 endoplasms
  A giant cockroach (D:2)
  4 goblins
  7 hobgoblins
  3 jackals (D:1)
  5 kobolds
  3 quokkas
  5 ball pythons
  2 frilled lizards
  A rat (D:1)
52 creatures vanquished.

Notes
Turn   | Place    | Note
-------+----------+-------------------------------------------
     0 | D:1      | qw the Gargoyle Hexslinger began the quest for the Orb.
     0 | D:1      | Reached XP level 1. HP: 12/12 MP: 2/2
     0 | D:1      | 0 ||| qw: Version: 0.3-a-51-g015441d
     0 | D:1      | 0 ||| qw: Game counter: 3962
     0 | D:1      | 0 ||| qw: Melee chars always use a shield: true
     0 | D:1      | 0 ||| qw: God list: Okawaru
     0 | D:1      | 0 ||| qw: Allow faded altars: false
     0 | D:1      | 0 ||| qw: Do Orc after clearing Dungeon:15 true
     0 | D:1      | 0 ||| qw: Do second Lair branch before Depths: true
     0 | D:1      | 0 ||| qw: Lair rune preference: random
     0 | D:1      | 0 ||| qw: Goals: Normal
     0 | D:1      | 0 ||| PLANNING D:1-11
   115 | D:1      | Reached XP level 2. HP: 16/16 MP: 3/3
   194 | D:1      | Reached skill level 3 in Ranged Weapons
   495 | D:1      | Reached XP level 3. HP: 21/21 MP: 4/4
   826 | D:1      | 826 ||| UPGRADING to +0 leather armour.
   836 | D:1      | 836 ||| DROPPING +0 robe.
   837 | D:1      | 837 ||| UPGRADING to +0 ring mail.
   847 | D:1      | 847 ||| DROPPING +0 leather armour.
   848 | D:1      | 848 ||| READING 2 scrolls labelled FOITEU JIRUUT.
   849 | D:1      | 849 ||| READING scroll of enchant weapon.
   849 | D:1      | 849 ||| ENCHANTING +2 sling.
   850 | D:1      | 850 ||| READING scroll labelled BIAHIMN SUDAI.
   851 | D:1      | 851 ||| DROPPING scroll of poison.
  1083 | D:2      | Noticed Terence
  1094 | D:2      | Killed Terence
  1095 | D:2      | Reached XP level 4. HP: 17/26 MP: 5/5
  1220 | D:2      | Reached skill level 4 in Ranged Weapons
  1574 | D:2      | Reached skill level 1 in Armour
  1602 | D:2      | 1602 ||| READING 2 scrolls labelled XITSOMPIN.
  1603 | D:2      | 1603 ||| READING scroll labelled YHALUE POUGAG.
  1604 | D:2      | 1604 ||| READING scroll labelled TOTIAM QENENNUBATH.
  1605 | D:2      | 1605 ||| DRINKING 2 golden potions.
  1606 | D:2      | 1606 ||| DRINKING 2 fizzy yellow potions.
  1606 | D:2      | Gained mutation: You are frail. (-10% HP) [potion of
                  | mutation]
  1606 | D:2      | Gained mutation: You are partially covered in iridescent
                  | scales. (AC +2) [potion of mutation]
  1606 | D:2      | Gained mutation: You have a pair of small horns on your
                  | head. [potion of mutation]
  1607 | D:2      | 1607 ||| DRINKING potion of mutation.
  1607 | D:2      | Lost mutation: You are frail. (-10% HP) [potion of
                  | mutation]
  1607 | D:2      | Lost mutation: You are partially covered in iridescent
                  | scales. (AC +2) [potion of mutation]
  1607 | D:2      | Gained mutation: You have large cloven feet. [potion of
                  | mutation]
  1607 | D:2      | Gained mutation: You have hidden genetic defects. [potion
                  | of mutation]
  1607 | D:2      | Gained mutation: You expend magic power (3 MP) to
                  | strengthen your wands. [potion of mutation]
  1627 | D:3      | Noticed a scorpion
  1630 | D:3      | Reached XP level 5. HP: 30/30 MP: 6/6
  1632 | D:3      | 1632 ||| STAIRDANCE
  1642 | D:2      | Reached skill level 5 in Ranged Weapons
  1651 | D:2      | Gained mutation: You occasionally lose the ability to drink
                  | potions when taking damage. [hidden defects]
  1704 | D:3      | 1704 ||| STAIRDANCE
  1717 | D:3      | 1717 ||| STAIRDANCE
  1722 | D:2      | Gained mutation: You are frail. (-10% HP) [hidden defects]
  1722 | D:2      | Lost mutation: You have hidden genetic defects. [hidden
                  | defects expressed]
  1774 | D:3      | 1774 ||| DRINKING potion of curing.
  1774 | D:3      | 1774 ||| (to cure confusion)
  1779 | D:3      | Reached skill level 3 in Fighting
  1779 | D:3      | 1779 ||| FLEEEEING.
  1780 | D:3      | 1780 ||| FLEEEEING.
  1781 | D:3      | 1781 ||| FLEEEEING.
  1782 | D:3      | 1782 ||| FLEEEEING.
  1792 | D:3      | 1792 ||| STAIRDANCE
  1816 | D:2      | HP: 2/28 [orc wizard/puff of flame (8)]
  1818 | D:2      | Killed from afar by an orc wizard

Levels and vault maps discovered:
D:1:      minmay_arrival_shattered_statue, layout_basic
D:2:      layout_basic, kennysheep_small_spiral, minmay_quantized, uniq_terence
D:3:      layout_rooms, nicolae_overflow_ecumenical_swirl, grunt_ministairs_13,
          due_unseen_surprise

Skill      XL: |  1  2  3  4  5 |
---------------+----------------+-----
Ranged Weapons | 3 4 5 |  5.2
Fighting       | 2 3 |  3.0
Armour         | 1 |  1.1
Dodging        | |  1.5
Spellcasting   | |  1.0
Hexes          | |  2.6

Action                     |  1- 3 |  4- 6 || total
---------------------------+-------+-------++-------
   Fire: Sling             |    75 |    82 ||   157
    Use: Scroll            |     3 |     3 ||     6
         Potion            |       |     4 ||     4
 Armour: Robe              |     4 |       ||     4
         Ring mail         |     4 |    50 ||    54
  Dodge: Dodged            |    29 |    38 ||    67

Table legend:
 A = Non-vault XP
 B = Vault XP
 C = Vault XP percentage of total XP
 D = Non-vault monster count
 E = Vault monster count
 F = Vault count percentage of total count
                 A         B        C        D         E       F
            +---------+---------+-------+---------+---------+-------
      Total |     273 |      42 |  13.3 |      48 |       4 |   7.7
            +---------+---------+-------+---------+---------+-------
        D:1 |      49 |       0 |   0.0 |      26 |       0 |   0.0
        D:2 |     169 |      42 |  19.9 |      13 |       4 |  23.5
        D:3 |      55 |       0 |   0.0 |       9 |       0 |   0.0
            +---------+---------+-------+---------+---------+-------
